 Dungeon Crawl Stone Soup version 0.21.1-1-g345015f (webtiles) character file.

2278 Stormhunter the Cleaver (level 9, -5/59 HPs)
             Began as a Gargoyle Skald on June 6, 2018.
             Slain by an orc warrior
             ... wielding a +0 glaive
              (11 damage)
             ... on level 6 of the Dungeon.
             The game lasted 00:10:22 (6802 turns).

Stormhunter the Cleaver (Gargoyle Skald)            Turns: 6802, Time: 00:10:23

Health: -5/59      AC: 15    Str: 18    XL:     9   Next: 39%
Magic:  21/21      EV:  6    Int: 14    God:
Gold:   275        SH:  4    Dex:  9    Spells: 11/12 levels left

rFire    + . .     SeeInvis .   E - +0 whip (elec)
rCold    . . .     Gourm    .   t - +2 buckler {rF+}
rNeg     + . .     Faith    .   h - +1 chain mail
rPois    ∞         Spirit   .   (no helmet)
rElec    +         Reflect  .   (no cloak)
rCorr    .         Harm     .   (no gloves)
MR       .....                  (no boots)
Stlth    ..........             (no amulet)
HPRegen  0.19/turn              i - ring of magical power
MPRegen  0.17/turn              (no ring)

@: no status effects
A: negative energy resistance 1, electricity resistance, unbreathing,
petrification resistance, rot immunity, AC +6
a: no special abilities


You were on level 6 of the Dungeon.
You were not hungry.

You visited 1 branch of the dungeon, and saw 6 of its levels.

You collected 275 gold pieces.

Inventory:

Hand Weapons
 a - a +0 war axe
 b - a +0 dagger of electrocution
 E - a +0 whip of electrocution (weapon)
Missiles
 k - 14 tomahawks (quivered)
Armour
 h - a +1 chain mail (worn)
 t - a +2 buckler of fire resistance (worn)
Jewellery
 i - a ring of magical power (left hand)
 j - an uncursed ring of magical power
 w - an uncursed amulet of magic regeneration {unknown}
 C - an uncursed amulet of magic regeneration {unknown}
Scrolls
 g - 5 scrolls of identify {unknown}
 n - 2 scrolls of blinking {unknown}
 o - a scroll of immolation {unknown}
 q - 2 scrolls of enchant weapon {unknown}
 s - 3 scrolls of teleportation {unknown}
 u - 3 scrolls of fear {unknown}
 y - 2 scrolls of magic mapping
 A - a scroll of remove curse
 D - 2 scrolls of noise {unknown}
 G - a scroll of fog
 H - a scroll of amnesia {unknown}
Potions
 e - a potion of resistance {unknown}
 f - 3 potions of heal wounds {unknown}
 m - a potion of haste {unknown}
 p - a potion of brilliance {unknown}
 r - 3 potions of agility {unknown}
 v - 4 potions of lignification {unknown}
 x - 4 potions of might {unknown}
 z - a potion of curing {unknown}
 B - a potion of magic {unknown}
Books
 c - a book of Battle

   Spells                             Type                      Level
   a - Infusion                       Charms                       1
   b - Shroud of Golubria             Charms/Translocation         2
   c - Song of Slaying                Charms                       2
   d - Spectral Weapon                Hexes/Charms                 3
   e - Regeneration                   Charms/Necromancy            3
 F - a book of Air

   Spells                             Type                      Level
   a - Shock                          Conjuration/Air              1
   b - Swiftness                      Charms/Air                   2
   c - Static Discharge               Conjuration/Air              3
   d - Airstrike                      Air                          4
   e - Lightning Bolt                 Conjuration/Air              5
Comestibles
 d - 8 rations
 I - 3 chunks of flesh


   Skills:
 + Level 8.0 Fighting
 * Level 9.4 Axes
 - Level 1.1 Armour
 - Level 1.5 Dodging
 - Level 2.0 Spellcasting
 - Level 2.6 Charms


You had 11 spell levels left.
You knew the following spells:

 Your Spells              Type           Power        Failure   Level  Hunger
a - Infusion              Chrm           #...         89%         1    ##.....


Dungeon Overview and Level Annotations

Branches:
Dungeon (6/15)
 Temple: D:4-7

Altars:
Ashenzari
Kikubaaqudgha
Qazlal
Ru
Zin

Shops:
D:5 %

Annotations:
D:4 2 transporters, Kagorn's ghost, novice OgBe


Innate Abilities, Weirdness & Mutations

You are resistant to torment.
Your stone body is resilient. (AC +6)
You are immune to poison.
You resist negative energy. (rN+)
You are resistant to electric shocks. (rElec)
You can survive without breathing.
You are immune to petrification.
You are immune to rotting.


Message History

You closely miss the orc warrior.
The orc warrior is severely wounded.
The orc warrior hits you with a glaive!
* * * LOW HITPOINT WARNING * * *
You closely miss the orc warrior.
The orc warrior is severely wounded.
Throwing (i - inventory. (,) - cycle):
l - 2 throwing nets (quivered)
Press: ? - help, Shift-Dir - straight line, f - orc warrior
Aim: an orc warrior, wielding a glaive and wearing a chain mail (severely wounded)
You throw a throwing net.
The throwing net closely misses the orc warrior.
The orc warrior hits you with a glaive.
* * * LOW HITPOINT WARNING * * *
Throwing (i - inventory. (,) - cycle):
l - a throwing net (quivered)
Press: ? - help, Shift-Dir - straight line, f/p - orc warrior
Aim: an orc warrior, wielding a glaive and wearing a chain mail (severely wounded)
You throw a throwing net.
The throwing net barely misses the orc warrior.
The orc warrior hits you with a glaive!
You die...

####+######)##
...........)#
.(..........#
...........##
.......)...#
###.#..####
###### # ##.##
#(.... #..#
#[.... ##@#
#..... #o#
#..... #.#
#..... #.#
#..... #.#
#..... #(.
#....) ##.
#..... .
#..... #.....


You could see an orc warrior.

Vanquished Creatures
  Pikel (D:5)
  The ghost of diana the Skirmisher, an amateur MiFi (D:6)
  An ice beast (D:6)
  A phantom (D:6)
  A hornet zombie (D:6)
  3 ogres
  3 bullfrogs (D:6)
  2 scorpions
  A howler monkey (D:5)
  2 crimson imps
  A quasit (D:5)
  A bullfrog zombie (D:6)
  A centaur zombie (D:5)
  2 orc priests
  3 hounds
  4 orc wizards
  An iguana (D:5)
  2 worker ants
  Natasha (twice) (D:4 D:5)
  A hound zombie (D:6)
  A howler monkey zombie (D:5)
  2 gnolls (D:2)
  A howler monkey skeleton (D:4)
  5 adders
  4 oozes
  3 adder zombies
  5 worms
  5 leopard geckos
  12 orcs
  6 giant cockroaches
  5 goblins
  6 hobgoblins
  3 jackals (D:1)
  8 kobolds
  A quokka (D:2)
  2 ball pythons
  3 bats (D:1)
  7 frilled lizards
  A jackal skeleton (D:5)
  8 rats
122 creatures vanquished.

Vanquished Creatures (others)
  A slave (D:5)
  3 orc priests (D:5)
  An orc wizard (D:5)
  Natasha (D:5)
  A hound zombie (D:5)
  A worker ant zombie (D:5)
  An orc (D:5)
9 creatures vanquished.

Grand Total: 131 creatures vanquished

Notes
Turn   | Place    | Note
-------+----------+-------------------------------------------
     0 | D:1      | Stormhunter the Gargoyle Skald began the quest for the Orb.
     0 | D:1      | Reached XP level 1. HP: 12/12 MP: 3/3
   133 | D:1      | Reached skill level 2 in Axes
   278 | D:1      | Reached XP level 2. HP: 11/18 MP: 5/5
   800 | D:1      | Reached XP level 3. HP: 22/22 MP: 6/6
  1176 | D:1      | Reached skill level 3 in Axes
  1494 | D:2      | Reached XP level 4. HP: 23/28 MP: 7/7
  2648 | D:2      | Reached XP level 5. HP: 31/32 MP: 8/8
  2719 | D:2      | Reached skill level 4 in Axes
  3761 | D:3      | Found an ancient bone altar of Kikubaaqudgha.
  3973 | D:3      | Found a shattered altar of Ashenzari.
  4003 | D:4      | Found a transporter.
  4010 | D:4      | Noticed Kagorn's ghost (novice OgBe)
  4204 | D:4      | Noticed Natasha
  4220 | D:4      | Killed Natasha
  4220 | D:4      | Reached XP level 6. HP: 29/38 MP: 9/9
  4394 | D:4      | Reached skill level 5 in Axes
  4421 | D:4      | Found a sacrificial altar of Ru.
  4819 | D:4      | Reached XP level 7. HP: 44/44 MP: 10/10
  5023 | D:4      | Found a transporter.
  5105 | D:5      | Entered Level 5 of the Dungeon
  5107 | D:5      | Noticed Pikel
  5137 | D:5      | Killed Pikel
  5137 | D:5      | Reached skill level 5 in Fighting
  5137 | D:5      | Reached skill level 6 in Axes
  5137 | D:5      | Reached XP level 8. HP: 47/51 MP: 11/11
  5228 | D:5      | Found a glowing silver altar of Zin.
  5228 | D:5      | Noticed an angel
  5234 | D:5      | Noticed Natasha
  5243 | D:5      | Killed Natasha
  5243 | D:5      | Reached skill level 7 in Axes
  5447 | D:5      | Killed Natasha
  5638 | D:5      | Found Qotuq's Food Emporium.
  5840 | D:6      | Noticed diana's ghost (amateur MiFi)
  5848 | D:6      | Killed diana's ghost
  5848 | D:6      | Reached skill level 8 in Axes
  5907 | D:6      | Reached XP level 9. HP: 34/57 MP: 12/12
  6409 | D:6      | Reached skill level 9 in Axes
  6662 | D:6      | Found a stormy altar of Qazlal.
  6802 | D:6      | Slain by an orc warrior

Skill      XL: |  1  2  3  4  5  6  7  8  9 |
---------------+----------------------------+-----
Axes           | 2 3 4 5 6 8 9 |  9.4
Fighting       | 3 4 5 7 8 |  8.0
Armour         | |  1.1
Dodging        | |  1.5
Spellcasting   | |  2.0
Charms         | |  2.6

Action                   |  1- 3 |  4- 6 |  7- 9 || total
-------------------------+-------+-------+-------++-------
Melee: Hand axe          |   185 |    62 |       ||   247
       Dagger            |       |   165 |    43 ||   208
       War axe           |       |     9 |       ||     9
       Whip              |       |       |   209 ||   209
Throw: Throwing net      |       |     1 |     2 ||     3
  Use: Scroll            |     4 |       |       ||     4
  Eat: Chunk             |     1 |     9 |     6 ||    16
       Ration            |       |     1 |       ||     1
Armor: Leather armour    |    14 |       |       ||    14
       Chain mail        |    98 |   120 |   128 ||   346
Dodge: Dodged            |    88 |    63 |    79 ||   230
Block: Buckler           |       |    31 |    50 ||    81
